AoeStats
← Khirs

Oasis

509135738Analyzed
4v4 RM · 5d ago on Sep 25, 2026· 32m 7s· 8 players
Game mode
Random Map
Map size
Large (8 player)
Population
200
Speed
Normal
Resources
Standard
Victory
Conquest
Starting age
Dark Age
Ending age
Imperial Age
RankedLock teamsTeams togetherTeam positionsShared explorationLock speedFull tech treeHidden civsTurbo modeCheats
Victory
Defeat
🇨🇳 Teutons · China
896
+13
🇪🇸 Saxons · Spain
858
+14
🇹🇷 Hindustanis · Türkiye
850
+15
🇬🇧 Britons · United Kingdom
730
+19
🇿🇦 Byzantines · South Africa
840
-16
🇨🇿 Spanish · Czechia
820
-15
🇪🇸 Chinese · Spain
805
-15
🇵🇹 Poles · Portugal
805
-20
Khirs
0:38 Loom
12:59 Feudal Age
13:04 Man-at-Arms
14:50 Horse Collar
15:00 Double-Bit Axe
16:02 Gold Mining
27:13 Castle Age
25:52 Scale Mail Armor
26:35 Fletching
27:31 Forging
27:42 Pikeman
ANCORA
11:25 Feudal Age
13:14 Double-Bit Axe
13:17 Horse Collar
18:34 Stone Mining
20:48 Man-at-Arms
23:32 Castle Age
25:45 Wheelbarrow
29:00 Szlachta Privileges
paveles_czk
9:09 Loom
11:59 Feudal Age
13:21 Double-Bit Axe
14:10 Fletching
14:10 Man-at-Arms
15:13 Forging
16:28 Scale Mail Armor
18:46 Horse Collar
19:12 Padded Archer Armor
26:09 Castle Age
25:27 Stone Mining
28:17 Bodkin Arrow
31:22 Bloodlines
Hondkop
0:28 Loom
11:07 Feudal Age
21:09 Castle Age
21:23 Elite Skirmisher
Spartanx
9:32 Feudal Age
9:53 Man-at-Arms
10:18 Arson
18:46 Scale Mail Armor
18:59 Forging
24:40 Castle Age
24:06 Horse Collar
28:51 Chain Mail Armor
31:35 Iron Casting
31:28 Squires
Toffzter
0:29 Loom
13:56 Feudal Age
15:40 Wheelbarrow
14:51 Town Watch
14:55 Double-Bit Axe
14:53 Horse Collar
22:34 Castle Age
20:48 Forging
20:29 Fletching
21:01 Padded Archer Armor
21:14 Stone Mining
21:16 Gold Mining
21:43 Scale Mail Armor
22:51 Scale Barding Armor
24:22 Man-at-Arms
24:48 Arson
25:52 Hand Cart
25:38 Town Patrol
25:52 Bow Saw
25:46 Heavy Plow
26:07 Caravan
32:03 Yeomen
32:19 Treadmill Crane
32:51 Fortified Wall
32:36 Murder Holes
Feed Me
10:46 Feudal Age
11:23 Double-Bit Axe
11:46 Gold Mining
18:36 Fletching
20:19 Padded Archer Armor
26:08 Castle Age
24:41 Loom
26:30 Crossbowman
27:16 Thumb Ring
28:57 Ballistics
28:33 Murder Holes
35:05 Imperial Age
Iluvatar
12:08 Feudal Age
16:58 Castle Age
16:24 Double-Bit Axe
16:21 Horse Collar
17:16 Loom
18:02 Bow Saw
19:03 Forging
18:59 Scale Barding Armor
21:35 Chain Barding Armor
22:41 Bloodlines
23:08 Heavy Plow
28:10 Wheelbarrow
27:22 Loom
33:10 Imperial Age
30:58 Hand Cart
30:29 Town Watch
31:26 Iron Casting
30:52 Scale Mail Armor
32:44 Ballistics
Connection lost

Rejoining the realm…

Still unreachable

The connection could not be restored.

Session expired

The server has moved on; the page needs a fresh start.